 Dungeon Crawl Stone Soup version 0.21.0-3-g78d12a8 (webtiles) character file.

139 Inarius the Chiller (level 5, -8/39 HPs)
             Began as a Draconian Ice Elementalist on Jan 11, 2018.
             Blown up by Ijyb (15 damage)
             ... with a wand of disintegration (16)
             ... on level 3 of the Dungeon.
             The game lasted 00:05:39 (2368 turns).

Inarius the Chiller (Draconian Ice Elementalist)    Turns: 2368, Time: 00:05:40

Health: -8/39      AC:  9    Str: 10    XL:     5   Next: 1%
Magic:  0/9        EV: 12    Int: 17    God:
Gold:   62         SH:  0    Dex: 11    Spells: 6/10 levels left

rFire    + . .     SeeInvis .   e - +0 dagger
rCold    + . .     Gourm    .   (no shield)
rNeg     . . .     Faith    .   (armour unavailable)
rPois    .         Spirit   .   (helmet restricted)
rElec    .         Reflect  .   l - scarf {rC+ rF+}
rCorr    .         Harm     .   (no gloves)
MR       .....                  (no boots)
Stlth    ++........             (no amulet)
HPRegen  0.13/turn              h - ring of wizardry
MPRegen  0.11/turn              o - +4 ring of protection

@: very slightly contaminated
A: unfitting armour, cold-blooded, AC +5
a: no special abilities


You were on level 3 of the Dungeon.
You were not hungry.

You visited 1 branch of the dungeon, and saw 3 of its levels.

You collected 62 gold pieces.

Inventory:

Hand Weapons
 e - a +0 dagger (weapon)
Armour
 k - a +0 shield
 l - a scarf of resistance (worn)
Jewellery
 h - a ring of wizardry (left hand)
 i - an uncursed ring of see invisible
 o - a +4 ring of protection (right hand)
Scrolls
 c - 4 scrolls of identify {unknown}
 d - a scroll of random uselessness {unknown}
 j - a scroll of remove curse {unknown}
 m - a scroll of amnesia {unknown}
 p - 2 scrolls of magic mapping {unknown}
Potions
 f - a potion of curing {unknown}
 g - a potion of haste {unknown}
Books
 a - a book of Frost

   Spells                             Type                      Level
   a - Freeze                         Ice                          1
   b - Throw Frost                    Conjuration/Ice              2
   c - Ozocubu's Armour               Charms/Ice                   3
   d - Throw Icicle                   Conjuration/Ice              4
   e - Summon Ice Beast               Ice/Summoning                4
Comestibles
 b - 4 rations


   Skills:
 + Level 0.3 Fighting
 + Level 2.1 Dodging
 - Level 1.7 Stealth
 + Level 3.2 Spellcasting
   Level 1.0 Conjurations
 * Level 0.4 Charms
 * Level 4.6 Ice Magic


You had 6 spell levels left.
You knew the following spells:

 Your Spells              Type           Power        Failure   Level  Hunger
a - Freeze                Ice            ###.         1%          1    None
b - Ozocubu's Armour      Chrm/Ice       ##......     8%          3    ###....


Dungeon Overview and Level Annotations

Branches:
Dungeon (3/15)

Altars:
Ashenzari
Fedhas

Annotations:
D:3 Ijyb


Innate Abilities, Weirdness & Mutations

Your plain brown scales are hard. (AC +5)
You cannot fit into any form of body armour.
You are cold-blooded and may be slowed by cold attacks.


Message History

Casting: Freeze
Confirm with . or Enter, or press ? or * to list all spells.
Aiming: Freeze
Press: ? - help, Shift-Dir - straight line, f/p - Ijyb
Aim: Ijyb, wearing a chain mail and carrying a wand of disintegration (17) (severely wounded)
You freeze Ijyb.
Ijyb is severely wounded.
Ijyb barely misses you.
You barely miss Ijyb.
Ijyb is severely wounded.
Ijyb zaps a wand.
You are blasted!
* * * LOW HITPOINT WARNING * * *
You hit Ijyb but do no damage.
Ijyb is severely wounded.
Ijyb hits you.
* * * LOW HITPOINT WARNING * * *
You barely miss Ijyb.
Ijyb is severely wounded.
Ijyb zaps a wand.
You are blasted!
You die...

##############
#........).... #
#.#####.####(# #.
#.# #># #.# #.
#.# #.# #.#
###.#####.# #.#
#.#
#.........#####.#
#.#
#.............#
#..
###@###.#######
### #g###.#
#...#.#
###$#####.#.#
.....oo...#.#
###.#####.#.#
#g... #.#># ....#


You could see Ijyb.

Vanquished Creatures
  7 adders
  2 oozes
  A worm (D:3)
  2 dart slugs (D:1)
  3 leopard geckos
  3 orcs (D:3)
  A ball python (D:1)
  3 bats
  A giant cockroach (D:2)
  2 goblins (D:1)
  7 hobgoblins
  5 jackals
  A quokka (D:2)
  A frilled lizard (D:3)
  10 kobolds
  8 rats
57 creatures vanquished.

Vanquished Creatures (others)
  A fungus (D:2)
1 creature vanquished.

Grand Total: 58 creatures vanquished

Notes
Turn   | Place    | Note
-------+----------+-------------------------------------------
     0 | D:1      | Inarius the Draconian Ice Elementalist began the quest for the Orb.
     0 | D:1      | Reached XP level 1. HP: 14/14 MP: 3/3
   528 | D:1      | Reached XP level 2. HP: 20/20 MP: 1/5
   902 | D:1      | Reached XP level 3. HP: 24/26 MP: 2/6
  1371 | D:2      | Learned a level 3 spell: Ozocubu's Armour
  1407 | D:2      | Reached skill level 4 in Ice Magic
  1592 | D:2      | Found a blossoming altar of Fedhas.
  1676 | D:2      | Reached XP level 4. HP: 33/33 MP: 5/8
  1757 | D:2      | Found a shattered altar of Ashenzari.
  2337 | D:3      | Noticed Ijyb
  2356 | D:3      | Reached XP level 5. HP: 18/39 MP: 5/9
  2368 | D:3      | Blown up by Ijyb

Skill      XL: |  1  2  3  4 |
---------------+-------------+-----
Ice Magic      | 4 |  4.6
Dodging        | 2 |  2.1
Spellcasting   | 3 |  3.2
Fighting       | |  0.3
Stealth        | |  1.7
Conjurations   | |  1.0
Charms         | |  0.4

Action                   |  1- 3 |  4- 6 || total
-------------------------+-------+-------++-------
Melee: Dagger            |    39 |    41 ||    80
       Tailslap          |     3 |     3 ||     6
 Cast: Freeze            |    56 |    37 ||    93
       Ozocubu's Armour  |       |     1 ||     1
  Eat: Chunk             |     3 |     2 ||     5
Armor: Skin              |    19 |    27 ||    46
Dodge: Dodged            |    53 |    41 ||    94
